 Dungeon Crawl Stone Soup version 0.30-b1-2-g02819fbbbe (webtiles) character file.

Game seed: 17012024605167268945

8 redmage the Chiller (level 2, 0/20 HPs)
             Began as a Meteoran Ice Elementalist on Aug 14, 2023.
             Slain by a goblin
             ... wielding a +0 club
             ... led by Robin
              (2 damage)
             ... on level 1 of the Dungeon.
             The game lasted 00:01:40 (69 turns).

redmage the Chiller (Meteoran Ice Elementalist)       Turns: 69, Time: 00:01:41

Health: 0/20       AC:  2    Str:  9    XL:     2   Next: 29%
Magic:  0/7        EV: 12    Int: 16    God:
Gold:   8          SH:  0    Dex: 14    Spells: 6/7 levels left

rFire   . . .        e - +0 dagger (drain)
rCold   . . .        (no shield)
rNeg    . . .        a - +0 robe
rPois   .            (no helmet)
rElec   .            (no cloak)
rCorr   .            (no gloves)
SInv    .            (no boots)
Will    .....        (no amulet)
Stlth   +            (no ring)
HPRegen 0.23/turn    (no ring)
MPRegen 0.10/turn

%: no passive effects
@: glowing
A: sense surroundings 1, otherworldly, glowing, explore regen
a: no special abilities


You were on level 1 of the Dungeon.
You visited 1 branch of the dungeon, and saw 2 of its levels.

You collected 8 gold pieces.

Inventory:

Hand Weapons
 e - a +0 dagger of draining (weapon)
Armour
 a - a +0 robe (worn)
Jewellery
 c - a ring of fire
Potions
 b - a potion of magic
 d - a potion of brilliance {unknown}


   Skills:
 - Level 2.4 Dodging
 - Level 1.4 Stealth
 + Level 3.1 Spellcasting
 + Level 4.6 Ice Magic


You had 6 spell levels left.
You knew the following spells:

 Your Spells              Type           Power      Damage    Failure   Level
a - Freeze                Ice            68%        1d8       2%          1

Your spell library contained the following spells:

 Spells                   Type           Power      Damage    Failure   Level
 Frozen Ramparts          Ice            34%        1d6       9%          3
 Ozocubu's Armour         Ice            17%        N/A       9%          3
 Summon Ice Beast         Ice/Summ       9%         N/A       56%         4


Dungeon Overview and Level Annotations

Branches:
Dungeon (2/15) Zot: 1130

Altars:

Annotations:
D:2 Robin


Innate Abilities, Weirdness & Mutations

You passively map a small area around you.
You are easily found by Zot.
You glow in the dark.
You regain HP and MP as you explore.


Message History

The goblin completely misses you. The goblin hits you with a +0 club.
The goblin hits you with a +0 dagger of draining.
You feel drained.
You climb upwards.
There is a stone staircase leading down here.
Casting: Freeze (safe; 2% risk of failure)
Confirm with . or Enter, or press ? or * to list all spells.
Aiming: Freeze (safe; 2% risk of failure)
Press: ? - help, Shift-Dir - straight line, f - goblin
Aim: a goblin, wielding a +0 dagger of draining You freeze the goblin!
You kill the goblin!
The goblin barely misses you. The goblin hits you but does no damage.
Your life force feels restored.
Casting: Freeze (safe; 2% risk of failure)
Confirm with . or Enter, or press ? or * to list all spells.
Aiming: Freeze (safe; 2% risk of failure)
Press: ? - help, Shift-Dir - straight line, f - goblin
Aim: a goblin, wielding a +0 dagger (severely wounded)
You freeze the goblin.
You kill the goblin!
The goblin hits you with a +0 club.
Unknown command.
The goblin hits you with a +0 club.
You see here a +0 dagger of draining.
You sense an unholy aura.
e - a +0 dagger of draining (weapon)
You barely miss the goblin. The goblin hits you with a +0 club.
* * * LOW HITPOINT WARNING * * *
You closely miss the goblin. The goblin misses you.
Unknown command.
You closely miss the goblin. The goblin barely misses you.
You hit the goblin. You drain the goblin.
The goblin is severely wounded.
The goblin hits you with a +0 club.
* * * LOW HITPOINT WARNING * * *
You hit the goblin but do no damage.
The goblin is severely wounded.
The goblin hits you with a +0 club.
You die...

, #.........#
#.........# ,
,#.........# , *
#.........# ,
,#.........#####
#..............
,#..........######
* #)>........#.....
, #@g........#.....
, #..........#..#.♣
#..#......)#..#.##
*
#..#.......#..#.#.
####..........#.'.
######.......#.#.'.
, ,
#...........)'.#.#.
*
#............#...##
#............##....


You could see a goblin (very drained).

Vanquished Creatures
  A giant cockroach (D:1)
  5 goblins
  A rat (D:2)
7 creatures vanquished.

Notes
Turn   | Place    | Note
-------+----------+-------------------------------------------
     0 | D:1      | redmage the Meteoran Ice Elementalist began the quest for
                  | the Orb.
     0 | D:1      | Reached XP level 1. HP: 14/14 MP: 5/5
    49 | D:2      | Noticed Robin
    56 | D:2      | Reached XP level 2. HP: 20/20 MP: 3/6
    69 | D:1      | Slain by a goblin

Illustrated notes

Levels and vault maps discovered:
D:1:      sevenhm_arrival_forest_fort_small_6, layout_basic,
          hellmonk_ecumenical_altar_pennies_from_heaven, corner_web_ring
D:2:      layout_rooms, uniq_robin

Skill      XL: |  1  2 |
---------------+-------+-----
Spellcasting   | 3 |  3.1
Dodging        | |  2.4
Stealth        | |  1.4
Ice Magic      | |  4.6

Action                     || total
---------------------------++-------
  Melee: Dagger            ||     5
   Cast: Freeze            ||     8
 Armour: Robe              ||     1
  Dodge: Dodged            ||     5
